healhack, neutral female human Healer ------ ----- |....| |...| |.`..----...| |.`......`..| |..--->---..| |---------@--- |..^^^<|.q...| |..----|..`..| --.| |.....| |.-----.....| |..........o| |..---------- ---- healhack the Empiric Experience level: 3 Strength: 11 Dexterity: 8 Constitution: 15 Intelligence: 8 Wisdom: 17 Charisma: 16 Health: 0(26) Energy: 25(25) Def: 2 Gold: 2333 Moves: 2164 Dungeon seed: uBfgDGwi7XYf_jEZ Game ID: healhack_1478002197 Your Inventory: Coins $ - 2333 gold pieces Weapons a - an uncursed +0 scalpel (weapon in hand) t - 10 cursed -2 arrows w - 7 uncursed +0 elven arrows B - 9 uncursed +0 silver arrows D - 7 uncursed +0 arrows E - an uncursed +0 bow Armor e - an uncursed +1 pair of leather gloves (being worn) n - an uncursed +0 pair of gauntlets of dexterity z - a cursed -1 pair of high boots Comestibles j - 5 uncursed apples p - an uncursed tripe ration v - an uncursed tin of kobold meat F - 5 uncursed food rations H - an uncursed fortune cookie I - an uncursed cherry Scrolls l - an uncursed scroll of remove curse x - an uncursed scroll of magic mapping C - a cursed scroll of magic mapping K - an uncursed scroll of earth L - a cursed scroll of earth Spellbooks g - a blessed spellbook of healing h - a blessed spellbook of extra healing i - a blessed spellbook of stone to flesh q - an uncursed spellbook of knock G - an uncursed spellbook of blank paper Potions c - 5 uncursed potions of healing d - 4 uncursed potions of extra healing o - a blessed potion of sleeping u - an uncursed potion of water Rings A - an uncursed ring of levitation J - an uncursed ring of stealth Wands f - an uncursed wand of sleep (0:8) M - an uncursed wand of slow monster (0:7) Tools b - an uncursed stethoscope m - an uncursed blindfold Gems y - 2 uncursed worthless pieces of yellow glass N - an uncursed worthless piece of orange glass Spells and supernatural/magical abilities: Name Level Category Fail Memory h - healing 1 healing 0% 90% x - extra healing 3 healing 0% 90% S - stone to flesh 3 healing 0% 90% W - pray for help -- divine ? -- Your skills at the end: Fighting Skills Weapon Skills knife [Basic] Spellcasting Skills healing spells [Basic] Final Attributes: You were piously aligned. You were poison resistant. You are dead. Vanquished creatures: a gnome lord a kitten an iguana a hobbit a gnome 2 jackals a fox 2 kobolds 2 sewer rats a grid bug 2 bats 2 lichens a kobold zombie 5 newts 23 creatures vanquished. Voluntary challenges: You used a wielded weapon 68 times, starting on turn 12. You read items or engraved 65 times, starting on turn 545. You never genocided any monsters. You never polymorphed an object. You never changed form. You used no wishes. You never split a pudding. You wrote Elbereth's name 64 times, starting on turn 545. You never violated your personal moral code. Dungeon overview: The Dungeons of Doom: levels 1 to 9 Level 1 a fountain a long staircase Level 2 a delicatessen, a fountain Level 3 a delicatessen stairs to The Gnomish Mines Level 4 a sink Level 5 Level 6 some fountains Level 7 Level 8 an altar to Poseidon, a fountain stairs to Sokoban Level 9 The Gnomish Mines: Level 4 stairs to The Dungeons of Doom Sokoban: Level 7 <- You were here stairs to The Dungeons of Doom History has recorded: On T:1 you entered the Dungeons of Doom to retrieve the Amulet of Yendor! On T:230 you reached level 2 of The Dungeons of Doom. On T:270 you reached level 3 of The Dungeons of Doom. On T:515 you advanced to experience level 2. On T:614 you reached level 4 of The Dungeons of Doom. On T:780 you reached level 1 of The Gnomish Mines. On T:978 you reached level 5 of The Dungeons of Doom. On T:1343 you advanced to experience level 3. On T:1356 you reached level 6 of The Dungeons of Doom. On T:1437 you reached level 7 of The Dungeons of Doom. On T:1533 you reached level 8 of The Dungeons of Doom. On T:1718 you reached level 9 of The Dungeons of Doom. On T:1860 you reached level 4 of Sokoban. Score breakdown: Gold: 361 ( 8703 points) Experience: 3 levels ( 7878 points) Exploration: 9 levels ( 18.00%) (12121 points) Discoveries: 2 items ( 0.68%) ( 2482 points) Valuables value: (no points given unless you survive) Artifact value: 0 ( 0 points) Variety of kills: 14 monsters ( 3.67%) ( 5750 points) Turncount: 2164 turns ( -117 points) Survival: died (score multiplied by 80%) Total score: 29453 Latest messages: The Uruk-hai turns to flee! You hit the Uruk-hai. The Uruk-hai turns to flee! You add to the writing in the dust with your fingers. The rothe turns to flee! You hit the rothe. Something is written here in the dust. You read: "l?erethL e?cth". You hit the rothe. The rothe hits! The rothe bites! (2x) You hit the rothe. The rothe hits! The rothe bites! (2x) You miss the rothe. The rothe hits! The rothe bites! The rothe misses. You miss the rothe. The rothe hits! The rothe bites! You die... Final status: Goodbye healhack the Healer, killed by a rothe... You died in Sokoban on dungeon level 7 with 29453 points, and 2333 pieces of gold, after 2164 moves. You were level 3 with a maximum of 26 hit points when you died.